 Dungeon Sprint DCSS version 0.31.0-32-g396128a36d (webtiles) character file.

Game seed: 1322973057804101572

1645 Groucho the Geomancer (level 8, -7/48 HPs)
             Began as a Deep Elf Earth Elementalist on Mar 15, 2024.
             Was a High Priest of Sif Muna.
             Mangled by a death yak (23 damage)
             ... in the Dungeon (Sprint VII: "The Pits").
             The game lasted 00:07:14 (3305 turns).

Groucho the Geomancer (Deep Elf Earth Elementalist) Turns: 3305, Time: 00:07:15

Health: -7/48      AC:  4    Str:  8    XL:     8   Next: 67%
Magic:  11/23      EV: 15    Int: 23    God:    Sif Muna [*****.]
Gold:   0          SH:  0    Dex: 18    Spells: 4/25 levels left

rFire   . . .        h - +2 dagger
rCold   . . .        (no shield)
rNeg    . . .        a - +0 robe
rPois   .            s - +0 helmet
rElec   .            (no cloak)
rCorr   .            t - +0 pair of gloves
SInv    .            (no boots)
Will    .....        (no amulet)
Stlth   +++          m - +3 ring of dexterity
HPRegen 0.28/turn    n - +3 ring of strength
MPRegen 0.18/turn

%: no teleportation
@: liquefying, channelling, slowed movement, very slow
A: no striking features
a: Renounce Religion, Channel Magic, Forget Spell, Divine Exegesis


You were in the Dungeon.
You worshipped Sif Muna.
Sif Muna was extremely pleased with you.
You visited 1 branch

Inventory:

Hand Weapons
 h - a +2 dagger (weapon)
 u - a +2 rapier of draining
Armour
 a - a +0 robe (worn)
 e - a +3 ring mail
 s - a +0 helmet (worn)
 t - a +0 pair of gloves (worn)
Jewellery
 m - a +3 ring of dexterity (left hand)
 n - a +3 ring of strength (right hand)
Scrolls
 j - 2 scrolls of vulnerability
 k - 5 scrolls of amnesia
 l - a scroll of butterflies
Potions
 b - 5 potions of magic
 c - 10 potions of curing
 d - 3 potions of heal wounds
 f - 3 potions of berserk rage
 i - 2 potions of invisibility
 o - a potion of mutation
 p - 2 potions of might
 q - a potion of haste
 r - 2 potions of brilliance


   Skills:
 + Level 3.7 Fighting
 + Level 4.3 Short Blades
 + Level 0.4 Armour
 + Level 5.8 Dodging
 + Level 6.3 Stealth
 + Level 9.4 Spellcasting
 * Level 10.7 Conjurations
 * Level 11.2 Earth Magic
 + Level 4.7 Alchemy
 + Level 7.0 Invocations


You had 4 spell levels left.
You knew the following spells:

 Your Spells              Type           Power      Damage    Failure   Level
a - Sandblast             Erth           100%       2d20      1%          1
b - Stone Arrow           Conj/Erth      100%       3d13      1%          3
c - Petrify               Alch/Erth      47%        N/A       2%          4
d - Brom's Barrelling Bo  Conj/Erth      57%        2d7       1%          4
e - Lee's Rapid Deconstr  Erth           29%        3d15*     1%          5
f - Leda's Liquefaction   Alch/Erth      23%        N/A       2%          4

Your spell library contained the following spells:

 Spells                   Type           Power      Damage    Failure   Level
 Passwall                 Erth           58%        N/A       1%          3
 Bombard                  Conj/Erth      28%        9d5       10%         6


Dungeon Overview and Level Annotations

Branches:
Dungeon (1/1)

Altars:
Ashenzari
Cheibriados
Dithmenos
Elyvilon
Fedhas
Gozag
Hepliaklqana
Kikubaaqudgha
Makhleb
Nemelex Xobeh
Okawaru
Qazlal
Ru
Sif Muna
Trog
Uskayaw
Vehumet
Wu Jian
Xom
Yredelemnul
Zin
The Shining One
Jiyva
Lugonu


Message History

Aiming: Stone Arrow (safe; 1% risk of failure)
Press: ? - help, Shift-Dir - straight line, f/p - death yak
Aim: a death yak (heavily wounded, covering ground slowly, 92% to hit)
The stone arrow hits the death yak.
The death yak is heavily wounded.
The death yak closely misses you.
Unknown command.
Unknown command.
Unknown command.
Casting: Stone Arrow (safe; 1% risk of failure)
Confirm with . or Enter, or press ? or * to list all spells.
Aiming: Stone Arrow (safe; 1% risk of failure)
Press: ? - help, Shift-Dir - straight line, f/p - death yak
Aim: a death yak (heavily wounded, covering ground slowly, 92% to hit)
The stone arrow hits the death yak!
The death yak is severely wounded.
The death yak gores you!!
Unknown command.
Unknown command.
Unknown command.
Casting: Stone Arrow (safe; 1% risk of failure)
Confirm with . or Enter, or press ? or * to list all spells.
Aiming: Stone Arrow (safe; 1% risk of failure)
Press: ? - help, Shift-Dir - straight line, f/p - death yak
Aim: a death yak (severely wounded, 92% to hit)
The stone arrow hits the death yak!
The death yak is almost dead.
The death yak misses you.
Unknown command.
Unknown command.
Unknown command.
Casting: Stone Arrow (safe; 1% risk of failure)
Confirm with . or Enter, or press ? or * to list all spells.
Aiming: Stone Arrow (safe; 1% risk of failure)
Press: ? - help, Shift-Dir - straight line, f/p - death yak
Aim: a death yak (almost dead, 92% to hit)
The stone arrow hits the death yak!
The death yak is almost dead.
The death yak gores you!!
You die...

############ #_________.#
#_________.#
#_______...###########++###
##########'##l.............
#..(.')))'.##......#..#....
##########.##†.............
#.))......@Y)..............
#'#####'#####......#..#....
#)#..#..#..##..............
#.#..'..#))#####'#####''###
#.#..####))##.......##''#
#.#..#..#))##.......##..#
#.#..#..#[.##.......##..#
#.##)#..#'###...<...##..#
#)#........##.......##..#


You could see a death yak.

Vanquished Creatures
  A polar bear (D)
  A glass eye (D)
  A vampire (D)
  A wyvern (D)
  A basilisk (D)
  An ice beast (D)
  An orc warrior (D)
  A wolf (D)
  A crocodile (D)
  An ogre (D)
  A brain worm (D)
  A scorpion (D)
  3 wights (D)
  A quasit (D)
  A jelly (D)
  2 orc priests (D)
  A river rat (D)
  An ufetubus (D)
  5 orcs (D)
  A ball python (D)
  3 bats (D)
  A hobgoblin (D)
  A kobold (D)
  A rat (D)
33 creatures vanquished.

Vanquished Creatures (others)
  2 boulders (D)
2 creatures vanquished.

Grand Total: 35 creatures vanquished

Notes
Turn   | Place    | Note
-------+----------+-------------------------------------------
     0 | D        | Groucho the Deep Elf Earth Elementalist began the quest for
                  | the Orb.
     0 | D        | Reached XP level 1. HP: 10/10 MP: 6/6
   184 | D        | Found a bloodstained altar of Trog.
   184 | D        | Found a shimmering blue altar of Sif Muna.
   184 | D        | Found a viscous altar of Jiyva.
   184 | D        | Found a hazy altar of Hepliaklqana.
   184 | D        | Found an opulent altar of Gozag.
   210 | D        | Found a glowing golden altar of the Shining One.
   210 | D        | Found a glowing silver altar of Zin.
   210 | D        | Found a basalt altar of Yredelemnul.
   210 | D        | Found a shimmering altar of Xom.
   210 | D        | Found an ornate altar of the Wu Jian Council.
   210 | D        | Found a sacrificial altar of Ru.
   210 | D        | Found a stormy altar of Qazlal.
   210 | D        | Found an iron altar of Okawaru.
   210 | D        | Found a sparkling altar of Nemelex Xobeh.
   210 | D        | Found a burning altar of Makhleb.
   210 | D        | Found a blossoming altar of Fedhas.
   210 | D        | Found a white marble altar of Elyvilon.
   210 | D        | Found a shadowy altar of Dithmenos.
   210 | D        | Found a snail-covered altar of Cheibriados.
   211 | D        | Found a radiant altar of Vehumet.
   211 | D        | Found a corrupted altar of Lugonu.
   212 | D        | Found an ancient bone altar of Kikubaaqudgha.
   212 | D        | Found a hide-covered altar of Uskayaw.
   212 | D        | Found a broken altar of Ashenzari.
   213 | D        | Became a worshipper of Sif Muna the Loreminder
   232 | D        | Reached skill level 4 in Earth Magic
   232 | D        | Reached XP level 2. HP: 15/15 MP: 3/9
   456 | D        | Noticed a scorpion
   481 | D        | Killed a scorpion
   481 | D        | Reached * piety under Sif Muna
   482 | D        | Reached skill level 5 in Spellcasting
   482 | D        | Reached skill level 5 in Conjurations
   482 | D        | Reached skill level 6 in Earth Magic
   482 | D        | Reached XP level 3. HP: 19/19 MP: 6/11
   482 | D        | Reached XP level 4. HP: 24/24 MP: 7/13
   509 | D        | Noticed a glass eye
   510 | D        | Reached ** piety under Sif Muna
   517 | D        | Killed a glass eye
   518 | D        | Reached skill level 8 in Earth Magic
   518 | D        | Reached XP level 5. HP: 28/28 MP: 2/16
   518 | D        | Reached XP level 6. HP: 32/32 MP: 2/18
   985 | D        | Learned a level 3 spell: Stone Arrow
   990 | D        | Learned a level 4 spell: Petrify
  1000 | D        | Noticed an orc warrior
  1015 | D        | Reached skill level 5 in Invocations
  1016 | D        | Reached *** piety under Sif Muna
  1017 | D        | Reached skill level 1 in Short Blades
  1017 | D        | Reached skill level 9 in Earth Magic
  1017 | D        | Reached skill level 1 in Alchemy
  1021 | D        | Reached skill level 1 in Fighting
  1220 | D        | Reached **** piety under Sif Muna
  1285 | D        | Killed an orc warrior
  1286 | D        | Reached XP level 7. HP: 40/40 MP: 7/20
  1286 | D        | Reached ***** piety under Sif Muna
  1465 | D        | Learned a level 4 spell: Brom's Barrelling Boulder
  1482 | D        | Reached skill level 10 in Earth Magic
  2147 | D        | Noticed a vampire
  2151 | D        | Killed a vampire
  2152 | D        | Reached skill level 5 in Stealth
  2397 | D        | Received a gift from Sif Muna
  2398 | D        | Reached skill level 10 in Conjurations
  2401 | D        | Reached skill level 5 in Dodging
  2401 | D        | Reached XP level 8. HP: 30/46 MP: 4/22
  2409 | D        | Got Memmy's Elucidation of Tephra {god gift}
  2417 | D        | Learned a level 5 spell: Lee's Rapid Deconstruction
  2422 | D        | Learned a level 4 spell: Leda's Liquefaction
  2422 | D        | Noticed a polar bear
  2428 | D        | Killed a polar bear
  2429 | D        | Reached skill level 11 in Earth Magic
  2849 | D        | Noticed a death yak
  2873 | D        | HP: 1/46 [death yak (23)]
  3305 | D        | Mangled by a death yak

Illustrated notes

Levels and vault maps discovered:
D:        pitsprint [storerooms_1, entrance_room_1, metal_vault_3, armoury_3,
          mini_pit_1, grid_room_1, main_hall_1, silver_pit, the_coven_3,
          the_vestibule_1, steel_vault_4, golden_pit, hallway_of_sentries,
          crystal_vault_2, iron_vault_1, final_vault]

Skill      XL: |  1  2  3  4  5  6  7  8 |
---------------+-------------------------+-----
Conjurations   | 3 5 8 9 10 | 10.7
Spellcasting   | 4 5 7 8 9 |  9.4
Earth Magic    | 4 6 8 9 10 11 | 11.2
Invocations    | 2 4 5 6 7 |  7.0
Short Blades   | 2 3 4 |  4.3
Stealth        | 4 5 6 |  6.3
Alchemy        | 2 3 4 |  4.7
Fighting       | 2 3 |  3.7
Dodging        | 3 5 |  5.8
Armour         | |  0.4

Action                     |  1- 3 |  4- 6 |  7- 9 || total
---------------------------+-------+-------+-------++-------
  Melee: Dagger            |       |       |     1 ||     1
   Cast: Sandblast         |    11 |    10 |       ||    21
         Stone Arrow       |       |    15 |    37 ||    52
         Brom's Barrelling |       |       |     2 ||     2
         Petrify           |       |       |     2 ||     2
         Leda's Liquefacti |       |       |     1 ||     1
 Invoke: Channel Magic     |       |     1 |     2 ||     3
    Use: Potion            |     1 |       |     3 ||     4
         Scroll            |       |       |     1 ||     1
   Stab: Sleeping          |       |       |     1 ||     1
 Armour: Robe              |     1 |       |    14 ||    15
  Dodge: Dodged            |     5 |     7 |    18 ||    30
